 Dungeon Crawl Stone Soup version 0.24-a0-106-gcea5463 (webtiles) character file.

Game seed: 12275984710521504809

384 gruber the Shooter (level 6, -5/56 HPs)
             Began as a Centaur Hunter on Feb 13, 2019.
             Was an Initiate of Okawaru.
             Shot with an arrow by a centaur (7 damage)
             ... on level 5 of the Dungeon.
             The game lasted 00:06:30 (5278 turns).

gruber the Shooter (Centaur Hunter)                 Turns: 5278, Time: 00:06:31

Health: -5/56      AC:  6    Str: 14    XL:     6   Next: 47%
Magic:  6/6        EV:  9    Int: 10    God:    Okawaru [......]
Gold:   241        SH:  0    Dex: 12    Spells: 5/5 levels left

rFire    . . .     SeeInvis .   a - +1 shortbow
rCold    . . .     Gourm    .   (shield currently unavailable)
rNeg     . . .     Faith    .   c - +0 leather armour
rPois    .         Spirit   .   (no helmet)
rElec    .         Reflect  .   o - +0 cloak
rCorr    .         Harm     .   k - +0 pair of gloves
MR       .....                  (no barding)
Stlth    +.........             (no amulet)
HPRegen  0.18/turn              (no ring)
MPRegen  0.10/turn              (no ring)

@: very quick
A: large, hooves 3, deformed body, speed 2, tough skin 3
a: Renounce Religion


You were on level 5 of the Dungeon.
You worshipped Okawaru.
Okawaru was noncommittal.
You were not hungry.

You visited 2 branches of the dungeon, and saw 6 of its levels.

You collected 241 gold pieces.

Inventory:

Hand Weapons
 a - a +1 shortbow (weapon)
 n - a +0 whip of pain
 v - a +0 blowgun
Missiles
 d - 59 arrows (quivered)
 t - 2 needles of paralysis
 w - 10 poisoned needles
Armour
 c - a +0 leather armour (worn)
 k - a +0 pair of gloves (worn)
 o - a +0 cloak (worn)
Wands
 z - a wand of digging (4)
 D - a wand of disintegration (9)
Scrolls
 b - 4 scrolls of remove curse {unknown}
 h - 5 scrolls of identify {unknown}
 j - a scroll of amnesia {unknown}
 l - a scroll of random uselessness {unknown}
 m - 3 scrolls of teleportation {unknown}
 q - a scroll of fog {unknown}
 s - a scroll of immolation {unknown}
 u - 2 scrolls of magic mapping {unknown}
 y - a scroll of enchant weapon {unknown}
 A - a scroll of blinking {unknown}
Potions
 e - a potion of invisibility {unknown}
 g - 6 potions of curing {unknown}
 i - 2 potions of might {unknown}
 p - 4 potions of flight {unknown}
 r - 4 potions of haste
 x - a potion of degeneration {unknown}
 B - a potion of lignification {unknown}
 C - a potion of cancellation {unknown}
Comestibles
 f - 5 rations


   Skills:
 - Level 5.1 Fighting
 - Level 1.1 Maces & Flails
 * Level 7.9 Bows
 - Level 1.3 Dodging
 - Level 0.4 Stealth


You had 5 spell levels left.
You didn't know any spells.
Your spell library was empty.

Dungeon Overview and Level Annotations

Branches:
Dungeon (5/15)             Temple (1/1) D:4

Altars:
Cheibriados
Fedhas
Gozag
Nemelex Xobeh
Okawaru
Ru
Sif Muna
Uskayaw
Vehumet
Wu Jian
Yredelemnul
Zin
The Shining One


Innate Abilities, Weirdness & Mutations

You have hooves in place of feet.
Armour fits poorly on your strangely shaped body.
You cover ground very quickly.
You have extremely tough skin. (AC +3)


Message History

The centaur is heavily wounded.
The centaur shoots an arrow.
The arrow barely misses you.
Firing (i - inventory)
d - 60 arrows (quivered)
Press: ? - help, Shift-Dir - straight line, f/p - centaur
Aim: a centaur, wielding a +2 shortbow of flaming (heavily wounded)
You shoot an arrow. The arrow hits the centaur.
The centaur is severely wounded.
The centaur shoots an arrow.
The arrow hits you! The arrow burns you.
* * * LOW HITPOINT WARNING * * *
You are too injured to fight recklessly!
You are too injured to fight recklessly!
You are too injured to fight recklessly!
You are too injured to fight recklessly!
You are too injured to fight recklessly!
You are too injured to fight recklessly!
You are too injured to fight recklessly!
The centaur shoots an arrow.
The arrow hits you!
* * * LOW HITPOINT WARNING * * *
The arrow burns you!
You die...

.........
........#
(.c.....#
........#
........####
...........##..
...............
#@.......
#........
#..(.....
#####.... ...
.# #


You could see a centaur.

Vanquished Creatures
  An ogre (D:4)
  An orc priest (D:3)
  A bullfrog skeleton (D:4)
  2 worker ants (D:4)
  A hound skeleton (D:4)
  A howler monkey skeleton (D:4)
  5 adders
  2 oozes
  An adder skeleton (D:4)
  8 worms
  2 dart slugs
  2 leopard geckos
  9 orcs
  5 giant cockroaches
  10 hobgoblins
  2 jackals (D:1)
  A quokka (D:4)
  4 ball pythons
  8 bats
  5 frilled lizards
  9 goblins
  4 kobolds
  A leopard gecko skeleton (D:4)
  7 rats
92 creatures vanquished.

Notes
Turn   | Place    | Note
-------+----------+-------------------------------------------
     0 | D:1      | gruber the Centaur Hunter began the quest for the Orb.
     0 | D:1      | Reached XP level 1. HP: 17/17 MP: 1/1
   386 | D:1      | Reached XP level 2. HP: 20/25 MP: 2/2
  1018 | D:2      | Reached XP level 3. HP: 27/31 MP: 3/3
  1546 | D:2      | Reached skill level 1 in Maces & Flails
  1581 | D:2      | Reached XP level 4. HP: 7/40 MP: 4/4
  2657 | D:3      | Found a sparkling altar of Nemelex Xobeh.
  2657 | D:3      | Found a hide-covered altar of Uskayaw.
  2669 | D:3      | Reached skill level 5 in Fighting
  2669 | D:3      | Reached XP level 5. HP: 48/48 MP: 5/5
  3227 | D:4      | Found a glowing golden altar of the Shining One.
  3277 | D:4      | HP: 2/48 [poisoned by an adder]
  3642 | D:4      | Reached skill level 6 in Bows
  4067 | D:4      | Reached XP level 6. HP: 53/56 MP: 6/6
  4153 | D:4      | Reached skill level 7 in Bows
  4225 | D:4      | Found a staircase to the Ecumenical Temple.
  4268 | Temple   | Entered the Ecumenical Temple
  4421 | Temple   | Became a worshipper of Warmaster Okawaru
  4754 | D:5      | Entered Level 5 of the Dungeon
  5278 | D:5      | HP: 2/56 [centaur/arrow (13)]
  5278 | D:5      | Shot with an arrow by a centaur

Levels and vault maps discovered:
D:1:      minmay_arrival_four_houses, layout_loops_ring
D:2:      layout_loops_corners
D:3:      layout_rooms, gammafunk_temple_overflow_wave
D:4:      layout_layer_cave, small_statue_intersection,
          nicolae_tso_swordbearing_angel
D:5:      layout_rooms, kennysheep_mini_moat, lemuel_round_altar, serial_shops,
          shop_fountains, first_ration
Temple:   regret_index_temple_generic_petals

Skill      XL: |  1  2  3  4  5  6 |
---------------+-------------------+-----
Fighting       | 3 4 5 |  5.1
Maces & Flails | 1 |  1.1
Bows           | 6 7 |  7.9
Dodging        | |  1.3
Stealth        | |  0.4

Action                   |  1- 3 |  4- 6 || total
-------------------------+-------+-------++-------
Melee: Short sword       |    57 |       ||    57
       Kick              |    28 |    28 ||    56
       Whip              |    74 |   104 ||   178
 Fire: Shortbow          |     6 |   103 ||   109
  Eat: Chunk             |     1 |     3 ||     4
       Ration            |       |     2 ||     2
Armor: Leather armour    |    46 |    48 ||    94
Dodge: Dodged            |    61 |    46 ||   107

Table legend:
 A = Non-vault XP
 B = Vault XP
 C = Vault XP percentage of total XP
 D = Non-vault monster count
 E = Vault monster count
 F = Vault count percentage of total count
                 A         B        C        D         E       F
            +---------+---------+-------+---------+---------+-------
      Total |     549 |       0 |   0.0 |      92 |       0 |   0.0
            +---------+---------+-------+---------+---------+-------
        D:1 |      28 |       0 |   0.0 |      21 |       0 |   0.0
        D:2 |      86 |       0 |   0.0 |      28 |       0 |   0.0
        D:3 |     115 |       0 |   0.0 |      21 |       0 |   0.0
        D:4 |     320 |       0 |   0.0 |      22 |       0 |   0.0
            +---------+---------+-------+---------+---------+-------
